AoeStats
← Neat

Arabia

509837356Analyzed
1v1 RM · 6d ago on Sep 28, 2026· 30m 22s· 2 players
Game mode
Random Map
Map size
Tiny (2 player)
Population
200
Speed
Normal
Resources
Standard
Victory
Conquest
Starting age
Dark Age
Ending age
Imperial Age
RankedLock teamsTeams togetherTeam positionsShared explorationLock speedFull tech treeHidden civsTurbo modeCheats
Victory
Defeat
🇩🇰 Burgundians · Denmark
999
+16
🇦🇷 Portuguese · Argentina
1002
-16
philip201209697
5:19 Loom
7:07 Double-Bit Axe
12:02 Feudal Age
10:49 Horse Collar
16:32 Castle Age
16:34 Bow Saw
16:25 Heavy Plow
16:26 Gold Mining
17:59 Wheelbarrow
Neat
8:57 Loom
10:43 Feudal Age
14:42 Castle Age
Connection lost

Rejoining the realm…

Still unreachable

The connection could not be restored.

Session expired

The server has moved on; the page needs a fresh start.